 Dungeon Crawl Stone Soup version 0.20.1-1-g8b1a95d (webtiles) character file.

39 Gargoyl the Skirmisher (level 3, -1/34 HPs)
             Began as a Minotaur Abyssal Knight on Sept 10, 2017.
             Was a Follower of Lugonu.
             Killed from afar by a white imp (10 damage)
             ... with a puff of frost
             ... summoned by Natasha
             ... on level 2 of the Dungeon.
             The game lasted 00:02:14 (862 turns).

Gargoyl the Skirmisher (Minotaur Abyssal Knight)     Turns: 862, Time: 00:02:14

Health: -1/34      AC:  6    Str: 16    XL:     3   Next: 26%
Magic:  3/3        EV: 10    Int:  9    God:    Lugonu [*.....]
Gold:   48         SH:  0    Dex: 10    Spells: 2/2 levels left

rFire    . . .     SeeInvis .   a - +1 hand axe
rCold    . . .     Gourm    .   (no shield)
rNeg     . . .     Faith    .   e - +0 ring mail
rPois    +         Spirit   .   d - +1 hat
rElec    .         Reflect  .   (no cloak)
rCorr    .         Harm     .   (no gloves)
MR       .....                  (no boots)
Stlth    ..........             (no amulet)
Regen    0.2/turn               g - ring of poison resistance
MPRegen  0.1/turn               (no ring)

@: slowed, very slow
A: retaliatory headbutt, horns 2
a: Depart the Abyss, Renounce Religion


You were on level 2 of the Dungeon.
You worshipped Lugonu.
Lugonu was aware of your devotion.
You were not hungry.

You visited 1 branch of the dungeon, and saw 2 of its levels.
You visited the Abyss 1 time.

You collected 48 gold pieces.

Inventory:

Hand Weapons
 a - a +1 hand axe (weapon)
Armour
 d - a +1 hat (worn)
 e - a +0 ring mail (worn)
Jewellery
 g - a ring of poison resistance (left hand)
Scrolls
 b - 2 scrolls of identify
 h - a scroll of fog {unknown}
Comestibles
 c - a bread ration


   Skills:
 + Level 4.6 Fighting
 + Level 3.0 Axes
 * Level 2.8 Armour
 + Level 1.1 Dodging
 * Level 1.9 Invocations


You had 2 spell levels left.
You didn't know any spells.

Dungeon Overview and Level Annotations

Branches:
Dungeon (2/15)

Altars:

Annotations:
D:2 Natasha


Innate Abilities, Weirdness & Mutations

You reflexively headbutt those who attack you in melee.
You have a pair of horns on your head.


Message History

The magic dart hits you! The crimson imp misses you. You furiously retaliate!
You headbutt the crimson imp. The white imp gestures at you.
The puff of frost hits you! Natasha claws you.
* * * LOW HITPOINT WARNING * * *
You hit Natasha but do no damage. Your headbutt misses Natasha.
You barely miss the crimson imp. You hit the white imp.
The crimson imp closely misses you.
The white imp hits you but does no damage.
Natasha barely misses you. You furiously retaliate!
You headbutt Natasha!
The white imp hits you but does no damage.
The crimson imp closely misses you.
You aren't carrying any potions.
You closely miss Natasha.
Natasha is almost dead.
You barely miss the crimson imp. You hit the white imp.
Natasha closely misses you. The white imp gestures at you.
The puff of frost hits you!
You die...

....... ......
#....#######
#...........
#........$..
#####..........
......)........
......5@)......
......5.h......
#####..........
#..........
+..........
#..........
#..........
#.#####....


You could see Natasha, a crimson imp and a white imp.

Vanquished Creatures
  An adder (D:1)
  2 dart slugs (D:1)
  4 bats (D:1)
  4 hobgoblins
  4 jackals (D:1)
  A ball python (D:1)
  A frilled lizard (D:1)
  3 goblins (D:1)
  A kobold (D:2)
  6 rats (D:1)
27 creatures vanquished.

Notes
Turn   | Place    | Note
-------+----------+-------------------------------------------
     0 | Abyss:1  | Gargoyl the Minotaur Abyssal Knight began the quest for the Orb.
     0 | Abyss:1  | Reached XP level 1. HP: 19/19 MP: 1/1
    44 | Abyss:1  | Noticed a thrashing horror
    44 | D:1      | Escaped the Abyss
    85 | D:1      | Reached skill level 4 in Fighting
   146 | D:1      | Reached XP level 2. HP: 25/27 MP: 2/2
   147 | D:1      | Reached * piety under Lugonu
   830 | D:2      | Noticed Natasha
   842 | D:1      | Reached XP level 3. HP: 32/34 MP: 3/3
   862 | D:2      | Killed from afar by a white imp

Skill      XL: |  1  2  3 |
---------------+----------+-----
Fighting       | 4 |  4.6
Axes           | 3 |  3.0
Armour         | |  2.8
Dodging        | |  1.1
Invocations    | |  1.9

Action                   || total
-------------------------++-------
Melee: Hand axe          ||    56
       Headbutt          ||     3
Invok: Depart the Abyss  ||     1
  Use: Scroll            ||     3
Armor: Ring mail         ||    43
Dodge: Dodged            ||    46
